 Dungeon Crawl Stone Soup version 0.30-a0-847-g17996783a1 (webtiles) character file.

Game seed: 8356299392680144111

1173 cforsyth the Covert (level 8, -2/45 HPs)
             Began as a Kobold Brigand on Mar 3, 2023.
             Was a Follower of Hepliaklqana.
             Slain by an orc wizard
             ... wielding a +0 dagger
              (3 damage)
             ... on level 6 of the Dungeon.
             The game lasted 00:05:49 (5634 turns).

cforsyth the Covert (Kobold Brigand)                Turns: 5634, Time: 00:05:50

Health: -2/45      AC:  4    Str:  9    XL:     8   Next: 68%
Magic:  8/8        EV: 18    Int: 12    God:    Hepliaklqana [*.....]
Gold:   200        SH:  0    Dex: 18    Spells: 7/7 levels left

rFire   . . .      SeeInvis .    i - +4 dagger
rCold   . . .      Faith    .    (no shield)
rNeg    . . .      Spirit   .    b - +0 robe
rPois   .          Reflect  .    h - +0 helmet
rElec   .          Rampage  .    c - +0 cloak
rCorr   .                        (no gloves)
Will    .....                    (no boots)
Stlth   +++++                    (no amulet)
HPRegen 0.27/turn                (no ring)
MPRegen 0.11/turn                (no ring)

@: hasted, very quick
A: reduced essence, small, no large weapons, nightstalker 3
a: Renounce Religion, Recall Ancestor, Ancestor Identity


You were on level 6 of the Dungeon.
You worshipped Hepliaklqana.
Hepliaklqana was aware of your devotion.
You visited 2 branches of the dungeon, and saw 7 of its levels.

You collected 200 gold pieces.

Inventory:

Hand Weapons
 a - a +2 dagger
 i - a +4 dagger (weapon)
Missiles
 d - 17 poisoned darts (quivered)
 e - 3 curare-tipped darts
 s - a throwing net
Armour
 b - a +0 robe (worn)
 c - a +0 cloak (worn)
 h - a +0 helmet (worn)
 u - a +0 pair of gloves
Wands
 m - a wand of flame (15)
 o - a wand of mindburst (12)
Scrolls
 f - 2 scrolls of amnesia {unknown}
 g - a scroll of torment {unknown}
 j - a scroll of blinking {unknown}
 k - 7 scrolls of identify {unknown}
 l - 2 scrolls of fear {unknown}
 n - 2 scrolls of silence {unknown}
 p - 2 scrolls of fog {unknown}
 r - a scroll of vulnerability {unknown}
 t - 2 scrolls of enchant armour {unknown}
Potions
 v - a potion of experience {unknown}


   Skills:
 + Level 5.7 Fighting
 + Level 6.9 Short Blades
 - Level 2.1 Throwing
 + Level 5.8 Dodging
 + Level 8.7 Stealth


You had 7 spell levels left.
You didn't know any spells.
Your spell library contained the following spells:

 Spells                   Type           Power      Damage    Failure   Level
 Kiss of Death            Conj/Necr      0%         2d5       32%         1
 Sting                    Tmut/Pois      0%         1d3       32%         1
 Blink                    Tloc           0%         N/A       45%         2
 Lesser Beckoning         Tloc           0%         N/A       45%         2
 Momentum Strike          Conj/Tloc      0%         3d8       45%         2
 Poisonous Vapours        Pois/Air       0%         N/A       45%         2
 Confusing Touch          Hex            0%         N/A       69%         3
 Dispel Undead            Necr           0%         3d6       97%         4
 Olgreb's Toxic Radiance  Pois           0%         N/A       97%         4


Dungeon Overview and Level Annotations

Branches:
Dungeon (6/15)             Temple (1/1) D:4

Altars:
Ashenzari
Cheibriados
Elyvilon
Fedhas
Gozag
Hepliaklqana
Kikubaaqudgha
Makhleb
Nemelex Xobeh
Okawaru
Qazlal
Ru
Sif Muna
Trog
Wu Jian
Yredelemnul
Zin
The Shining One


Innate Abilities, Weirdness & Mutations

Your life essence is reduced to manifest your ancestor. (-10% HP)
You are small and have problems with some larger weapons.
You are completely attuned to the shadows.


Message History

Something hits you. The orc misses you. The iguana completely misses you.
You hit the iguana.
The iguana is heavily wounded.
The orc completely misses you.
The orc barely misses Friðuswiþ.
Friðuswiþ hits the orc!
The orc dies!
The orc wizard casts a spell at you. The puff of flame hits you!
Something hits you. The orc misses you. The orc barely misses you.
The iguana closely misses you.
You closely miss the iguana.
The iguana is heavily wounded.
You hit the iguana but do no damage.
The iguana is heavily wounded.
The orc hits you but does no damage. The iguana bites you!
The orc wizard misses you. The orc hits you with a +0 whip.
You hear some strange, mumbled words.
A puff of flame appears from out of thin air!
The puff of flame misses you.
You are too injured to fight recklessly!
You are too injured to fight recklessly!
You are too injured to fight recklessly!
You are too injured to fight recklessly!
You are too injured to fight recklessly!
You are too injured to fight recklessly!
You are too injured to fight recklessly!
You are too injured to fight recklessly!
You hit the iguana but do no damage.
The iguana is heavily wounded.
A hound comes into view.
Friðuswiþ barely misses something.
The orc wizard hits you with a +0 dagger.
Something barely misses you. The orc closely misses you. The iguana bites you.
* * * LOW HITPOINT WARNING * * *
The orc closely misses you.
It was a potion of haste.
You feel yourself speed up. The orc wizard casts a spell at you.
The magic dart hits you!
* * * LOW HITPOINT WARNING * * *
Friðuswiþ closely misses something.
Something hits you.
You die...

......#
#...#######...
......# #...# #...
.....)###########.###
....
................#
..#. #####..........#
..+. #..........# .
#..........#..
.......l{.....
....R@o....
....o.oh...
...........
.......... ..........


You could see the friendly Friðuswiþ the ancestor, an iguana, a hound, an orc
wizard and 2 orcs.

Vanquished Creatures
  A water moccasin (D:5)
  A black bear (D:5)
  An ogre (D:5)
  A centaur (D:5)
  A phantom (D:5)
  A scorpion (D:5)
  A howler monkey (D:6)
  4 hounds
  A gnoll bouda (D:5)
  An iguana (D:4)
  Robin (D:4)
  7 adders
  14 gnolls
  An ufetubus (D:5)
  5 dart slugs
  2 worms
  3 orcs (D:6)
  7 ball pythons
  5 bats
  7 endoplasms
  4 giant cockroaches
  17 goblins
  11 hobgoblins
  6 jackals
  7 kobolds
  3 quokkas
  5 rats
118 creatures vanquished.

Vanquished Creatures (collateral kills)
  A black bear (D:6)
  An orc priest (D:6)
  An adder (D:6)
  3 orcs (D:6)
6 creatures vanquished.

Vanquished Creatures (others)
  13 fungi (D:5)
13 creatures vanquished.

Grand Total: 137 creatures vanquished

Notes
Turn   | Place    | Note
-------+----------+-------------------------------------------
     0 | D:1      | cforsyth the Kobold Brigand began the quest for the Orb.
     0 | D:1      | Reached XP level 1. HP: 12/12 MP: 1/1
   111 | D:1      | Reached XP level 2. HP: 18/18 MP: 2/2
   190 | D:1      | Found a faded altar of an unknown god.
   406 | D:1      | Reached XP level 3. HP: 22/22 MP: 3/3
   944 | D:2      | Found an opulent altar of Gozag.
  1070 | D:2      | Reached XP level 4. HP: 27/27 MP: 4/4
  1332 | D:2      | Reached skill level 6 in Stealth
  1705 | D:2      | Reached XP level 5. HP: 27/32 MP: 5/5
  2521 | D:4      | Noticed Robin
  2568 | D:4      | Killed Robin
  2569 | D:4      | Reached XP level 6. HP: 11/38 MP: 6/6
  2800 | D:4      | Found an ancient bone altar of Kikubaaqudgha.
  2814 | D:4      | Found a bloodstained altar of Trog.
  2862 | D:4      | Found a staircase to the Ecumenical Temple.
  2872 | Temple   | Entered the Ecumenical Temple
  3300 | D:4      | Found a basalt altar of Yredelemnul.
  3362 | D:4      | Found a glowing silver altar of Zin.
  3443 | D:4      | Found a hazy altar of Hepliaklqana.
  3518 | D:4      | Became a worshipper of Hepliaklqana the Forgotten
  3985 | D:3      | Reached skill level 7 in Stealth
  4368 | D:5      | Entered Level 5 of the Dungeon
  4382 | D:5      | Reached skill level 5 in Short Blades
  4382 | D:5      | Reached XP level 7. HP: 30/44 MP: 7/7
  4855 | D:5      | Noticed a water moccasin
  4859 | D:5      | Killed a water moccasin
  4865 | D:5      | Found a burning altar of Makhleb.
  4897 | D:5      | Reached skill level 5 in Fighting
  4897 | D:5      | Reached XP level 8. HP: 49/49 MP: 8/8
  4898 | D:5      | Reached skill level 5 in Dodging
  4900 | D:5      | Reached skill level 8 in Stealth
  5443 | D:6      | Reached * piety under Hepliaklqana
  5634 | D:6      | HP: 1/45 [orc wizard/magic dart (10)]
  5634 | D:6      | Slain by an orc wizard

Illustrated notes

Levels and vault maps discovered:
D:1:      lemuel_arrival_cross, layout_basic,
          ebering_ecumenical_altar_abandoned, hangedman_decor_push
D:2:      layout_loops_ring, basic_altar, kennysheep_generic_room_5
D:3:      layout_rooms
D:4:      layout_gridville, nzn_hepliaklqana_mist_gate,
          mainiacjoe_overflow_catwalk_spiral, mainiacjoe_overflow_big_doors,
          minmay_temple_entry_ruins, uniq_robin
D:5:      layout_loops_cross, kennysheep_mini, serial_aquarium,
          aquarium_bridge_square [aquarium_subvault_bridge,
          aquarium_subvault_window, aquarium_subvault_wall,
          aquarium_subvault_window], aquarium_window_corridor_1,
          aquarium_window_2, aquarium_window_2, aquarium_window_2,
          aquarium_view_2b, aquarium_balcony_3b
D:6:      layout_basic, serial_rivers, chequers_serial_rivers_micro_c,
          chequers_serial_rivers_small_a, chequers_serial_rivers_micro_d,
          chequers_serial_rivers_micro_c, chequers_serial_rivers_small_3,
          chequers_serial_rivers_micro_d, ebering_ghost_inner_flame,
          minmay_strange_pillars
Temple:   chequers_temple_sunken

Skill      XL: |  1  2  3  4  5  6  7  8 |
---------------+-------------------------+-----
Short Blades   | 3 4 5 6 |  6.9
Dodging        | 2 3 4 5 |  5.8
Fighting       | 3 4 5 |  5.7
Stealth        | 6 7 8 |  8.7
Throwing       | |  2.1

Action                     |  1- 3 |  4- 6 |  7- 9 || total
---------------------------+-------+-------+-------++-------
  Melee: Dagger            |    52 |   176 |   107 ||   335
         Punch             |       |       |     2 ||     2
    Use: Potion            |       |     8 |     1 ||     9
   Stab: Sleeping          |    23 |    18 |    11 ||    52
         Distracted        |       |     1 |       ||     1
 Armour: Robe              |     5 |    35 |     8 ||    48
  Dodge: Dodged            |    22 |   167 |    83 ||   272

Table legend: (Time is in decaauts)
 A = Elapsed time spent in this place.
 B = Non-inter-level travel time spent in this place.
 C = Inter-level travel time spent in this place.
 D = Time resting spent in this place.
 E = Time spent auto-exploring this place.
 F = Levels seen in this place.
 G = Mean time per level.
                   A        B        C        D        E       F      G
               +--------+--------+--------+--------+--------+-----+--------+
         Total |   5611 |   5427 |    184 |    805 |   3806 |   7 |  801.6 |
       Dungeon |   5379 |   5205 |    174 |    805 |   3596 |   6 |  896.5 |
        Temple |    232 |    223 |      9 |      0 |    210 |   1 |  232.0 |
               +--------+--------+--------+--------+--------+-----+--------+

Top non-repeatable levels by time:
     D:4: 1205 daAuts
     D:3: 1125 daAuts
     D:5: 1054 daAuts
     D:2: 995 daAuts
     D:1: 823 daAuts
  Temple: 232 daAuts
     D:6: 175 daAuts
